Map: Avalon Labs

Players

xWiLlPoWeRx

  • Race: Terran Terran
  • Spawn Location: 12:00

Arkanny

  • Race: Zerg Zerg
  • League: Diamond
  • Spawn Location: 12:00

HarperEi

  • Race: Terran Terran
  • League: Bronze
  • Spawn Location: 11:00

Rugi - Winner!

  • Race: Zerg Zerg
  • League: Diamond
  • Spawn Location: 6:00

Myran - Winner!

  • Race: Protoss Protoss
  • Spawn Location: 6:00

Loken - Winner!

  • Race: Zerg Zerg
  • Spawn Location: 5:00

VOD

Have the link to the VOD?

Description

Time

  • Played on: March 9, 2017, 7 p.m.
  • Length: 11:14
Show
View Real Time Build Order
Export as new Build Order

xWiLlPoWeRx Terran 

Build Orders:  

Get SALT Encoding   

  12  0:02  SCV  
  13  0:19  SCV  
  14  0:21  Supply Depot  
  14  0:33  SCV  
  15  0:48  Supply Depot  
  15  0:51  Barracks  
  15  0:54  SCV  
  16  1:04  Barracks  
  16  1:08  SCV  
  17  1:20  SCV  
  18  1:39  Marine  
  19  1:40  Barracks  
  19  1:52  Marine  
  20  1:57  Marine  
  21  2:03  SCV, Barracks  
  22  2:10  Marine  
  22  2:14  Marine  
  24  2:28  Barracks, Marine  
  25  2:33  Marine x2  
  27  2:46  Marine  
  27  2:51  Marine x2  
  29  2:53  Barracks  
  30  3:00  Marine  
  31  3:25  Supply Depot  
  31  3:26  Supply Depot  
  31  3:28  Supply Depot  
  31  3:47  Marine x4  
  35  4:04  Marine x4  
  38  4:22  Marine  
  35  4:26  Marine x3  
  35  4:27  Marine x2  
  40  4:40  Marine  
  40  4:44  Marine  
  27  5:09  Marine x3  
  27  5:10  Marine x3  
  31  5:27  Marine x4  
  31  5:28  Marine x2  
  36  5:45  Marine x5  
  36  5:46  Marine  
  42  6:02  Marine  
  42  6:03  Marine x5, Command Center  
  48  6:10  Barracks  
  48  6:11  Barracks  
  48  6:12  Barracks  
  48  6:20  Marine x2  
  48  6:21  Marine  
  51  6:31  Marine x3  
  54  6:38  Marine  
  55  6:58  Refinery  
  55  6:59  Refinery  
  55  7:15  Marine x6  
  61  7:27  Supply Depot  
  61  7:29  Supply Depot  
  61  7:32  Supply Depot  
  61  7:33  Marine x2, Supply Depot  
  61  7:36  Marine x3  
  66  7:38  Marine  
  67  7:48  Marine  
  67  7:49  Marine  
  69  7:52  Marine  
  70  8:16  Marine x2  
  70  8:17  Marine x2  
  70  8:18  Marine x3  
  68  9:14  Marine x2  
  68  9:15  Marine  
  19  9:57  Factory  
  19  10:04  Factory  
  10  10:29  Marine x3  
  10  10:30  Marine x4  
  13  10:42  SCV  
  14  10:47  Marine x4  
  14  10:48  Marine  
  19  10:54  SCV  
  19  10:55  Marine  
Show
View Real Time Build Order
Export as new Build Order

Arkanny Zerg 

Build Orders: Pool First, Zergling Baneling 

Get SALT Encoding   

  12  0:01  Drone  
  13  0:08  Drone  
  13  0:12  Extractor  
  13  0:29  Spawning Pool  
  13  0:32  Drone  
  13  0:43  Drone  
  13  0:47  Overlord  
  14  1:02  Drone, Extractor  
  15  1:16  Metabolic Boost  
  15  1:17  Queen  
  17  1:22  Zergling x2  
  18  1:27  Zergling x2  
  18  1:30  Zergling x2  
  20  1:37  Zergling x2  
  21  1:44  Overlord  
  21  2:04  Zergling x2, Baneling Nest  
  21  2:08  Zergling x2  
  22  2:20  Evolution Chamber  
  21  2:24  Zergling x2  
  21  2:28  Zergling x6  
  25  2:32  Zergling x2  
  26  2:47  Zerg Melee Weapons Level 1  
  26  2:54  Zergling x4  
  28  3:06  Zergling x2  
  28  3:07  Zergling x2  
  28  3:08  Overlord  
  28  3:10  Baneling x3  
  30  3:18  Baneling  
  21  3:56  Zergling x6  
  21  4:01  Baneling x3  
  20  4:38  Zergling x8  
  22  4:45  Baneling  
  21  4:47  Zergling x4  
  21  5:07  Baneling x2  
  21  5:08  Baneling x2  
  21  5:22  Hatchery  
  21  5:23  Roach Warren  
  18  5:32  Drone  
  18  5:33  Spine Crawler, Drone  
  18  5:34  Drone  
  20  5:57  Zergling x6  
  20  6:39  Roach x3  
  25  6:40  Roach x2  
  25  7:00  Roach  
  25  7:01  Roach x2  
  31  7:14  Baneling  
  31  7:18  Zerg Missile Weapons Level 1  
  31  7:23  Drone x2  
  31  7:24  Drone  
  36  7:37  Roach  
  36  7:40  Roach  
  42  8:05  Roach x2  
  42  8:11  Overlord  
  42  8:31  Roach x3  
  42  8:32  Roach  
  38  9:03  Roach x4  
  38  9:04  Roach x2  
  25  9:32  Roach x2  
  25  9:33  Roach x2  
  3  10:26  Zergling x4  
  3  10:27  Zergling x8  
Show
View Real Time Build Order
Export as new Build Order

HarperEi Terran 

Build Orders:  

Get SALT Encoding   

  12  0:01  SCV  
  13  0:15  Supply Depot  
  13  0:18  SCV  
  14  0:30  SCV  
  14  0:35  Supply Depot  
  15  0:43  SCV  
  16  0:50  Barracks  
  16  0:57  SCV  
  17  1:06  Barracks  
  17  1:09  SCV  
  18  1:25  SCV  
  19  1:36  Marine  
  19  1:37  SCV, Barracks  
  21  1:47  Refinery  
  21  1:49  SCV  
  21  1:51  Refinery  
  22  1:55  Marine  
  22  2:01  SCV  
  24  2:08  Marine  
  25  2:13  SCV, Marine  
  27  2:20  Barracks  
  27  2:26  Marine x2  
  29  2:31  Marine  
  30  2:43  Marine  
  31  2:46  Orbital Command  
  31  2:52  Supply Depot  
  31  2:57  Supply Depot  
  31  3:13  Marine x2  
  33  3:21  Marine  
  35  3:30  Factory  
  35  3:31  Marine x2, Barracks Tech Lab  
  36  3:39  Marine  
  37  3:52  Combat Shields  
  37  3:55  Marine x3  
  40  3:57  Marine  
  41  4:12  Marine  
  42  4:33  Marine x4  
  46  4:40  Factory Tech Lab  
  41  4:50  Marine  
  41  4:51  Marine x3  
  42  4:59  Command Center  
  40  5:08  Marine x2  
  40  5:09  Marine  
  43  5:20  Siege Tank  
  46  5:22  Marine  
  46  5:26  Marine  
  48  5:38  Marine  
  48  5:40  Marine x2  
  51  5:44  Marine  
  52  5:53  Siege Tank  
  55  6:11  Marine x3  
  58  6:14  Supply Depot  
  58  6:16  Marine  
  55  6:28  Marine x3  
  44  6:34  Marine  
  44  6:36  Supply Depot  
  42  6:46  Marine x3  
  45  6:51  Marine  
  46  6:57  SCV  
  47  7:03  Refinery  
  47  7:04  Refinery, Marine  
  47  7:05  Marine  
  49  7:09  SCV  
  50  7:16  Marine x2  
  50  7:21  SCV  
  50  7:22  Marine  
  53  7:23  Stimpack  
  54  7:33  SCV  
  54  7:35  Engineering Bay  
  55  7:45  SCV  
  56  7:58  SCV  
  57  8:01  Engineering Bay  
  57  8:09  Marine x4  
  61  8:14  Terran Infantry Weapons Level 1  
  61  8:27  Marine x4  
  65  8:37  Terran Infantry Armor Level 1  
  65  8:45  Marine x4  
  65  8:46  Siege Tank  
  70  8:56  Infernal Pre-Igniter  
  70  9:02  Marine  
  49  9:18  Siege Tank  
  49  9:19  Marine x3  
  49  9:20  Marine  
  55  9:24  Concussive Shells  
  55  9:37  Marine x3  
  55  9:38  Marine  
  52  9:54  Marine x2  
  52  9:55  Marine  
  52  9:58  Marine  
  56  10:00  Siege Tank  
  56  10:12  Marine x3  
  59  10:16  Marine  
  58  10:30  Marine  
  41  10:42  Marine x3  
  43  10:48  Marine  
Show
View Real Time Build Order
Export as new Build Order

Rugi Zerg - Winner!

Build Orders: Hatch First 

Get SALT Encoding   

  12  0:00  Drone  
  13  0:14  Overlord  
  13  0:17  Drone  
  14  0:32  Drone x2  
  16  0:36  Drone  
  17  0:53  Hatchery  
  17  0:56  Drone  
  17  0:58  Drone  
  17  1:01  Extractor  
  17  1:15  Spawning Pool  
  17  1:18  Drone  
  17  1:20  Drone  
  18  1:39  Overlord  
  18  1:44  Drone  
  19  2:02  Zergling x4  
  19  2:03  Metabolic Boost  
  19  2:06  Queen  
  19  2:07  Zergling x2  
  24  2:09  Queen  
  24  2:13  Drone  
  27  2:17  Drone  
  28  2:23  Drone  
  28  2:27  Drone  
  30  2:35  Drone  
  31  2:38  Drone  
  32  2:48  Drone  
  32  2:49  Drone  
  34  2:51  Queen  
  34  2:55  Overlord  
  36  3:09  Overlord  
  36  3:15  Drone x2  
  36  3:18  Hatchery  
  36  3:19  Evolution Chamber  
  36  3:21  Drone  
  36  3:22  Drone x4  
  41  3:30  Drone x3  
  44  3:37  Extractor  
  44  3:38  Zergling x4  
  44  3:54  Zergling x8  
  44  4:03  Zergling x8  
  44  4:04  Zergling x2  
  49  4:11  Zergling x2  
  49  4:16  Zergling x2  
  51  4:37  Zergling x8  
  50  4:44  Zergling x6  
  46  4:59  Overlord x2  
  45  5:01  Overlord  
  45  5:07  Overlord  
  45  5:12  Lair, Roach Warren  
  44  5:14  Extractor  
  44  5:18  Zerg Missile Weapons Level 1  
  44  5:26  Drone x3  
  44  5:27  Drone x3  
  44  5:28  Drone x2  
  52  5:35  Extractor  
  51  5:42  Baneling Nest  
  50  5:47  Drone x2  
  52  5:52  Drone x3  
  52  5:54  Drone  
  52  5:55  Roach x3, Extractor  
  52  5:56  Spine Crawler  
  60  5:58  Overlord  
  60  6:14  Roach x3  
  65  6:27  Hatchery  
  60  6:33  Zergling x2  
  60  6:34  Zergling x22  
  71  6:42  Glial Reconstitution  
  71  6:44  Roach  
  73  6:48  Overlord  
  73  6:54  Drone  
  73  6:56  Drone x3  
  73  6:58  Extractor  
  73  6:59  Drone  
  73  7:01  Drone  
  78  7:03  Drone  
  78  7:05  Drone  
  78  7:07  Drone  
  78  7:08  Drone  
  82  7:18  Zerg Ground Armor Level 1  
  82  7:20  Roach  
  82  7:21  Roach  
  86  7:28  Drone x4  
  90  7:30  Overlord  
  90  7:34  Overlord  
  90  7:41  Roach x3  
  96  7:51  Roach  
  96  7:52  Roach x3  
  96  7:54  Drone x2  
  96  7:55  Drone  
  96  7:57  Drone  
  108  7:58  Drone  
  108  8:00  Drone  
  108  8:03  Drone x2  
  112  8:12  Overlord x2  
  112  8:19  Overlord  
  111  8:28  Overseer  
  111  8:30  Queen  
  113  8:34  Queen  
  113  8:39  Roach  
  113  8:40  Roach x5  
  127  8:43  Baneling x6  
  127  8:44  Baneling  
  121  8:50  Ravager x6  
  121  8:53  Roach  
  121  8:54  Roach x2  
  111  9:08  Roach x6  
  113  9:20  Roach x4  
  114  9:32  Drone  
  114  9:33  Drone x5  
  120  9:38  Baneling x3  
  120  9:39  Baneling x5  
  120  9:40  Baneling  
  120  9:45  Overlord  
  120  9:46  Hatchery  
  120  9:50  Overlord  
  120  9:52  Overlord  
  108  10:10  Roach  
  108  10:11  Roach x6  
  120  10:15  Ravager  
  119  10:32  Roach  
  119  10:33  Roach x7  
  135  10:48  Roach x2  
  135  10:49  Roach  
Show
View Real Time Build Order
Export as new Build Order

Myran Protoss - Winner!

Build Orders:  

Get SALT Encoding   

  12  0:02  Probe (Chrono Boost)  
  13  0:20  Pylon  
  14  0:21  Probe (Chrono Boost)  
  14  0:31  Probe (Chrono Boost)  
  15  0:43  Gateway, Probe (Chrono Boost)  
  16  0:54  Probe (Chrono Boost)  
  17  1:04  Probe (Chrono Boost)  
  18  1:13  Pylon  
  18  1:15  Probe (Chrono Boost)  
  19  1:21  Assimilator  
  20  1:25  Probe (Chrono Boost)  
  20  1:36  Probe (Chrono Boost)  
  20  1:39  Cybernetics Core  
  21  1:43  Gateway  
  21  1:46  Pylon  
  21  1:49  Probe (Chrono Boost)  
  22  2:00  Probe (Chrono Boost)  
  23  2:03  Zealot  
  25  2:21  Probe (Chrono Boost)  
  26  2:26  Nexus  
  26  2:33  Probe (Chrono Boost)  
  26  2:35  Zealot x2  
  31  2:43  Probe (Chrono Boost)  
  32  2:46  Assimilator  
  32  2:54  Probe (Chrono Boost)  
  33  2:59  Forge  
  33  3:04  Pylon  
  33  3:05  Probe (Chrono Boost)  
  34  3:11  Stalker  
  36  3:15  Probe (Chrono Boost)  
  37  3:20  Stalker  
  37  3:26  Probe (Chrono Boost)  
  40  3:30  Warp Gate  
  32  3:52  Probe (Chrono Boost)  
  36  4:04  Probe (Chrono Boost)  
  36  4:09  Photon Cannon  
  36  4:12  Pylon  
  36  4:14  Probe (Chrono Boost)  
  35  4:19  Gateway  
  35  4:20  Gateway  
  33  4:27  Photon Cannon  
  33  4:31  Pylon  
  33  4:46  Pylon  
  33  4:48  Probe (Chrono Boost)  
  34  4:58  Probe (Chrono Boost)  
  35  5:01  Pylon  
  35  5:09  Probe (Chrono Boost)  
  36  5:19  Probe (Chrono Boost)  
  37  5:22  Pylon  
  37  5:25  Pylon  
  37  5:31  Probe (Chrono Boost)  
  38  5:42  Probe (Chrono Boost)  
  39  5:51  Nexus  
  39  5:52  Probe (Chrono Boost)  
  39  5:53  Pylon  
  40  6:02  Probe (Chrono Boost)  
  40  6:03  Probe (Chrono Boost)  
  42  6:10  Gateway  
  42  6:13  Probe x2 (Chrono Boost)  
  42  6:14  Gateway  
  44  6:19  Pylon  
  44  6:22  Pylon  
  44  6:25  Zealot  
  44  6:26  Zealot  
  48  6:47  Assimilator  
  48  6:51  Assimilator  
  48  6:54  Photon Cannon  
  48  6:55  Photon Cannon  
  48  6:59  Pylon  
  48  7:01  Probe (Chrono Boost)  
  49  7:02  Probe (Chrono Boost)  
  49  7:03  Pylon  
  49  7:06  Pylon  
  50  7:10  Pylon  
  50  7:11  Probe (Chrono Boost)  
  50  7:12  Robotics Facility  
  50  7:13  Probe (Chrono Boost)  
  52  7:16  Twilight Council  
  52  7:18  Pylon  
  52  7:22  Stalker x2, Pylon  
  56  7:50  Probe (Chrono Boost)  
  57  7:55  Stalker x2  
  57  7:56  Stalker, Zealot  
  65  8:01  Observer, Probe (Chrono Boost)  
  65  8:04  Charge  
  67  8:11  Probe (Chrono Boost)  
  68  8:18  Robotics Bay  
  68  8:22  Robotics Facility  
  68  8:23  Probe (Chrono Boost), Immortal  
  73  8:29  Assimilator  
  73  8:34  Probe (Chrono Boost)  
  74  8:35  Assimilator  
  74  8:37  Probe (Chrono Boost)  
  74  8:39  Pylon  
  74  8:40  Stalker x2  
  74  8:41  Zealot x2, Pylon  
  81  8:44  Pylon, Probe (Chrono Boost)  
  81  8:48  Pylon, Probe (Chrono Boost)  
  85  8:55  Probe (Chrono Boost)  
  86  9:02  Immortal  
  82  9:19  Protoss Shields Level 1  
  82  9:22  Zealot  
  82  9:23  Zealot x3  
  86  9:39  Probe (Chrono Boost)  
  87  9:50  Stalker x2, Probe (Chrono Boost)  
  87  9:51  Stalker, Zealot  
  96  10:00  Probe (Chrono Boost)  
  96  10:01  Pylon  
  96  10:07  Pylon  
  97  10:09  Colossus  
  97  10:10  Pylon, Colossus  
  97  10:11  Probe (Chrono Boost)  
  110  10:14  Pylon  
  110  10:21  Probe (Chrono Boost)  
  110  10:25  Stalker  
  110  10:26  Zealot x3  
  119  10:51  Gateway x2  
  119  10:54  Stalker  
  119  10:55  Stalker, Zealot x2  
Show
View Real Time Build Order
Export as new Build Order

Loken Zerg - Winner!

Build Orders: 3 Hatch before Pool 

Get SALT Encoding   

  12  0:07  Drone  
  12  0:10  Drone  
  14  0:18  Overlord  
  14  0:38  Drone x2  
  14  0:39  Drone  
  17  0:58  Drone  
  17  1:00  Hatchery  
  17  1:04  Drone  
  18  1:23  Hatchery  
  17  1:26  Drone  
  17  1:29  Drone  
  19  1:38  Overlord  
  19  1:48  Drone  
  20  1:54  Spawning Pool  
  19  2:02  Drone  
  20  2:12  Drone  
  21  2:16  Drone  
  22  2:25  Extractor  
  22  2:27  Extractor  
  22  2:28  Drone x2  
  22  2:32  Drone  
  22  2:35  Drone  
  24  2:38  Drone x2  
  26  2:46  Drone x2  
  28  2:57  Drone  
  28  2:58  Drone x2  
  31  2:59  Queen  
  31  3:03  Queen  
  35  3:06  Queen  
  37  3:15  Drone x3  
  37  3:16  Drone  
  41  3:23  Overlord x2  
  41  3:24  Overlord  
  41  3:29  Metabolic Boost  
  41  3:44  Zergling x4  
  41  3:45  Zergling x8  
  41  4:24  Zergling x2  
  41  4:25  Zergling x26  
  41  4:26  Zergling x6  
  41  4:29  Lair  
  55  5:08  Drone  
  55  5:09  Drone x9  
  63  5:25  Overlord x8  
  63  5:26  Overlord  
  51  5:38  Extractor  
  51  5:41  Extractor  
  51  5:42  Extractor  
  48  5:43  Extractor  
  47  5:58  Infestation Pit  
  47  6:02  Hydralisk Den  
  45  6:05  Spire  
  45  6:07  Drone  
  45  6:08  Drone x17  
  62  6:26  Zergling x2  
  62  6:27  Zergling x4  
  65  6:39  Muscular Augments  
  65  6:51  Hive  
  65  7:05  Zergling x2  
  65  7:06  Zergling x26  
  79  7:13  Hatchery  
  79  7:15  Hatchery  
  77  7:51  Evolution Chamber  
  77  7:52  Lurker Den  
  77  7:55  Zerg Flyer Weapons Level 1, Evolution Chamber  
  75  8:21  Zergling x2  
  75  8:22  Zergling x32  
  75  8:23  Zergling x10  
  97  8:28  Adrenal Glands  
  97  8:34  Zerg Ground Armor Level 1  
  97  8:35  Zerg Melee Weapons Level 1  
  97  8:43  Zergling x2  
  97  8:44  Zergling x18  
  97  8:45  Zergling x10  
  98  9:24  Hydralisk x7  
  96  9:25  Hydralisk x8  
  91  10:14  Hydralisk  
  91  10:15  Hydralisk x14  
  91  10:16  Hydralisk x9  
  137  11:06  Hatchery  
  137  11:10  Hatchery  
Tags
 
Add a new tag
Caveats
  • Supply blocks, unpowered buildings, or Contaminate may cause inaccurate times.
  • Supply counts are checked every 10 seconds.